 Dungeon Crawl Stone Soup version 0.20.1-1-g8b1a95d (webtiles) character file.

41 garfbild the Ducker (level 3, -9/22 HPs)
             Began as a Tengu Wanderer on July 27, 2017.
             Mangled by Duvessa
             ... wielding a +0 short sword
              (10 damage)
             ... on level 5 of the Dungeon.
             The game lasted 00:17:42 (1570 turns).

garfbild the Ducker (Tengu Wanderer)                Turns: 1570, Time: 00:17:43

Health: -9/22      AC:  2    Str: 12    XL:     3   Next: 52%
Magic:  5/5        EV: 13    Int: 12    God:
Gold:   158        SH:  0    Dex: 14    Spells: 2/2 levels left

rFire    . . .     SeeInvis .   a - +2 spear
rCold    . . .     Gourm    .   (no shield)
rNeg     . . .     Faith    .   k - +0 robe
rPois    .         Spirit   .   (helmet restricted)
rElec    .         Reflect  .   (no cloak)
rCorr    .         Harm     .   (no gloves)
MR       .....                  (boots unavailable)
Stlth    ++........             (no amulet)
Regen    0.1/turn               (no ring)
MPRegen  0.1/turn               (no ring)

@: no status effects
A: beak, talons 3
a: no special abilities


You were on level 5 of the Dungeon.
You were completely stuffed.

You visited 1 branch of the dungeon, and saw 5 of its levels.

You collected 158 gold pieces.

Inventory:

Hand Weapons
 a - a +2 spear (weapon)
 e - a +0 mace
 m - a -1 mace
Missiles
 n - 2 needles of sleeping
Armour
 d - a +0 robe
 i - a +0 robe
 k - a +0 robe (worn)
Scrolls
 g - 2 scrolls of teleportation
 j - a scroll of remove curse
 p - a scroll of amnesia
Potions
 b - a potion of degeneration {unknown}
 c - a potion of lignification
 h - 2 potions of heal wounds {unknown}
 l - a potion of might
 o - a potion of haste {unknown}
Comestibles
 f - 2 bread rations


   Skills:
 + Level 2.5 Fighting
 + Level 0.2 Maces & Flails
 + Level 2.7 Polearms
 + Level 2.7 Dodging
 + Level 2.6 Stealth
   Level 2.0 Evocations


You had 2 spell levels left.
You didn't know any spells.

Dungeon Overview and Level Annotations

Branches:
Dungeon (6/15)
 Temple: D:4-7

Altars:

Annotations:
D:5 Dowan, Duvessa


Innate Abilities, Weirdness & Mutations

You have a beak for a mouth.
You have claws for feet.


Message History

You see here a quokka corpse.
You eat the meat ration.
That meat ration really hit the spot!
Duvessa says, "Where magic fails, the sword succeeds!"
You hit Duvessa but do no damage. You peck Duvessa, but do no damage.
Duvessa hits you with a short sword.
You hit Duvessa but do no damage. Your kick misses Duvessa.
Duvessa closely misses you.
You hit Duvessa but do no damage. You claw Duvessa.
Duvessa is lightly wounded.
Duvessa barely misses you.
Dowan points at Duvessa and mumbles some strange words.
Duvessa seems to speed up.
Duvessa hits you with a short sword.
* * * LOW HITPOINT WARNING * * *
Dowan hits you with a dagger.
* * * LOW HITPOINT WARNING * * *
Duvessa closely misses you. Duvessa hits you but does no damage.
Dowan hits you but does no damage. Duvessa hits you with a short sword!
You die...

### ######
...#######....###
................
.#.#.....#.#..###
.................
.#.#.....#.#.#
........†e...#
##.##.#>##e### #
#.##@# #.##.#
#.##.# ..##..
e.e### ..e .#..


You could see Duvessa and Dowan.

Vanquished Creatures
  An adder (D:2)
  An ooze (D:1)
  A worm (D:2)
  A leopard gecko (D:1)
  4 bats
  A giant cockroach (D:2)
  2 hobgoblins (D:1)
  3 kobolds
  A quokka (D:5)
  2 frilled lizards (D:1)
  3 goblins (D:2)
  4 rats
24 creatures vanquished.

Notes
Turn   | Place    | Note
-------+----------+-------------------------------------------
     0 | D:1      | garfbild the Tengu Wanderer began the quest for the Orb.
     0 | D:1      | garfbild set off with: a +2 spear, a +0 falchion, a potion of lignification, a +0 robe, a +0 dagger, a bread ration
     0 | D:1      | Reached XP level 1. HP: 12/12 MP: 3/3
   219 | D:1      | Reached XP level 2. HP: 17/17 MP: 4/4
   954 | D:2      | Reached XP level 3. HP: 22/22 MP: 5/5
  1534 | D:3      | You fall through a shaft for 3 floors!
  1534 | D:6      | Noticed an ice beast
  1551 | D:5      | Entered Level 5 of the Dungeon
  1551 | D:5      | Noticed Duvessa
  1551 | D:5      | Noticed Dowan
  1568 | D:5      | HP: 1/22 [Dowan/dagger (4)]
  1570 | D:5      | Mangled by Duvessa

Action                   || total
-------------------------++-------
Melee: Spear             ||    25
       Kick              ||    13
       Mace              ||    28
       Peck              ||     8
  Use: Scroll            ||    12
 Stab: Sleeping          ||     3
  Eat: Meat ration       ||     1
       Bread ration      ||     1
       Chunk             ||     1
Armor: Robe              ||    13
Dodge: Dodged            ||    44
